 Dungeon Crawl Stone Soup version 0.26-a0-660-gc07710193c (webtiles) character file.

Game seed: 6581775236231018510

57 lonewolf22212 the Slasher (level 3, -2/30 HPs)
             Began as a Minotaur Gladiator on Oct 6, 2020.
             Slain by an adder (3 damage)
             ... on level 2 of the Dungeon.
             The game lasted 00:03:34 (1410 turns).

lonewolf22212 the Slasher (Minotaur Gladiator)      Turns: 1410, Time: 00:03:35

Health: -2/30      AC:  3    Str: 18    XL:     3   Next: 73%
Magic:  2/2        EV: 13    Int:  5    God:
Gold:   92         SH:  0    Dex: 12    Spells: 2/2 levels left

rFire    . . .     SeeInvis .   a - +0 long sword
rCold    . . .     Faith    .   (no shield)
rNeg     . . .     Spirit   .   b - +0 leather armour
rPois    .         Reflect  .   c - +0 hat
rElec    .         Harm     .   (no cloak)
rCorr    .         Rampage  .   (no gloves)
MR       .....                  (no boots)
Stlth    +.........             (no amulet)
HPRegen  0.10/turn              (no ring)
MPRegen  0.08/turn              (no ring)

@: lethally poisoned (-2 -> -8), flying
A: retaliatory headbutt, horns 2
a: no special abilities


You were on level 2 of the Dungeon.
You visited 1 branch of the dungeon, and saw 2 of its levels.

You collected 92 gold pieces.

Inventory:

Hand Weapons
 a - a +0 long sword (weapon)
 n - a +4 dagger
Missiles
 d - 3 throwing nets (quivered)
Armour
 b - a +0 leather armour (worn)
 c - a +0 hat (worn)
Scrolls
 g - 2 scrolls of magic mapping {unknown}
 h - a scroll of remove curse {unknown}
 k - a scroll of enchant weapon {unknown}
 l - a scroll of identify {unknown}
Potions
 e - 2 potions of flight
 f - 2 potions of curing {unknown}
 i - a potion of brilliance {unknown}
 j - a potion of degeneration {unknown}
 m - a potion of heal wounds {unknown}


   Skills:
 + Level 2.9 Fighting
 + Level 4.6 Long Blades
 + Level 2.1 Throwing
 + Level 1.2 Armour
 + Level 3.8 Dodging


You had 2 spell levels left.
You didn't know any spells.
Your spell library was empty.

Dungeon Overview and Level Annotations

Branches:
Dungeon (2/15)

Altars:


Innate Abilities, Weirdness & Mutations

You reflexively headbutt those who attack you in melee.
You have a pair of horns on your head.


Message History

The adder is moderately wounded.
* * * LOW HITPOINT WARNING * * *
You feel sick. The adder completely misses you. The adder closely misses you.
You hit the adder.
The adder is heavily wounded.
* * * LOW HITPOINT WARNING * * *
You feel sick. The adder bites you.
* * * LOW HITPOINT WARNING * * *
You closely miss the adder.
The adder is heavily wounded.
* * * LOW HITPOINT WARNING * * *
You feel sick. The adder closely misses you. You furiously retaliate!
You headbutt the adder.
You riposte.
You miss the adder.
The adder is heavily wounded.
It was a potion of flight.
You feel very buoyant.
You fly up into the air.
* * * LOW HITPOINT WARNING * * *
You feel sick. The adder bites you.
You die...

#............###
#.....#.........
#....##...#..##
#[#.###.#.#.(# #.#.#
#.#.#..#
#.#.###.#.#..#
#.#...#.#.#..#
##.###.#.#....#
###..<#.....@S.#####
..)......#.#.........
#...#.##.#...######
#....†))..(.#
####.##.#(.##
#.##.......
#.....?....#
######...#..#
#...##).$


You could see an adder.

Vanquished Creatures
  An ooze (D:1)
  2 worms (D:2)
  2 dart slugs (D:1)
  A leopard gecko (D:1)
  3 giant cockroaches
  7 goblins
  7 hobgoblins
  A quokka (D:2)
  5 bats (D:1)
  6 kobolds
  3 rats
38 creatures vanquished.

Notes
Turn   | Place    | Note
-------+----------+-------------------------------------------
     0 | D:1      | lonewolf22212 the Minotaur Gladiator began the quest for
                  | the Orb.
     0 | D:1      | Reached XP level 1. HP: 18/18 MP: 0/0
   139 | D:1      | Reached skill level 4 in Long Blades
   191 | D:1      | Reached XP level 2. HP: 25/25 MP: 1/1
   647 | D:1      | Reached XP level 3. HP: 29/30 MP: 2/2
  1375 | D:2      | Reached skill level 1 in Armour
  1410 | D:2      | HP: 1/30 [poisoned by an adder]
  1410 | D:2      | Slain by an adder

Illustrated notes

Levels and vault maps discovered:
D:1:      dpeg_arrival_shrine, layout_loops_corners
D:2:      layout_loops_ring, lemuel_crystal_altar, minmay_tetromino_t4,
          uniq_robin

Skill      XL: |  1  2  3 |
---------------+----------+-----
Long Blades    | 4 |  4.6
Armour         | 1 |  1.2
Fighting       | |  2.9
Throwing       | |  2.1
Dodging        | |  3.8

Action                   || total
-------------------------++-------
Melee: Long sword        ||    80
       Headbutt          ||     9
  Use: Potion            ||     1
Armor: Leather armour    ||    21
Dodge: Dodged            ||    63
       Rpst.: Long sword ||    22

Table legend: (Time is in decaauts)
 A = Elapsed time spent in this place.
 B = Non-inter-level travel time spent in this place.
 C = Inter-level travel time spent in this place.
 D = Time resting spent in this place.
 E = Time spent auto-exploring this place.
 F = Levels seen in this place.
 G = Mean time per level.
                   A        B        C        D        E       F      G
               +--------+--------+--------+--------+--------+-----+--------+
         Total |   1426 |   1426 |      0 |    115 |    979 |   2 |  713.0 |
       Dungeon |   1426 |   1426 |      0 |    115 |    979 |   2 |  713.0 |
               +--------+--------+--------+--------+--------+-----+--------+

Top non-repeatable levels by time:
     D:1: 1054 daAuts
     D:2: 371 daAuts
